 Dungeon Crawl Stone Soup version 0.30-a0-347-gf58ed5266c (webtiles) character file.

Game seed: 12405656016133414221

91 Shayle the Ducker (level 4, -2/34 HPs)
             Began as a Djinni Reaver on Nov 5, 2022.
             Slain by an ogre
             ... wielding a +0 giant club
              (17 damage)
             ... on level 3 of the Dungeon.
             The game lasted 00:03:26 (1656 turns).

Shayle the Ducker (Djinni Reaver)                   Turns: 1656, Time: 00:03:26

Health: -2/34      AC:  5    Str: 11    XL:     4   Next: 87%
Gold:   92         EV: 11    Int: 16    God:
                   SH:  0    Dex: 12

rFire   + + .      SeeInvis .    f - +2 dagger (speed)
rCold   x . .      Faith    .    (no shield)
rNeg    . . .      Spirit   .    b - +0 ring mail
rPois   ∞          Reflect  .    (no helmet)
rElec   .          Harm     .    (no cloak)
rCorr   .          Rampage  .    (no gloves)
Will    .....                    (boots unavailable)
Stlth   +.........               (no amulet)
HPRegen 0.25/turn                (no ring)
MPRegen 0.00/turn                (no ring)

@: flying, very slightly contaminated
A: sickness immunity, fire resistance 2, cold vulnerability 1, float, innate
caster, HP casting, extra vitality 1
a: no special abilities


You were on level 3 of the Dungeon.
You visited 1 branch of the dungeon, and saw 3 of its levels.

You collected 92 gold pieces.

Inventory:

Hand Weapons
 f - a +2 dagger of speed (weapon)
Armour
 a - a +0 leather armour
 b - a +0 ring mail (worn)
Jewellery
 d - a +4 ring of slaying
Scrolls
 e - a scroll of brand weapon {unknown}
 g - a scroll of teleportation {unknown}
Potions
 c - 3 potions of curing


   Skills:
 + Level 2.7 Fighting
 * Level 3.6 Dodging
 + Level 3.5 Unarmed Combat
 + Level 2.8 Spellcasting


You had one spell level left.
You knew the following spells:

 Your Spells              Type           Power      Damage    Failure   Level
a - Kiss of Death         Conj/Necr      44%        2d8       14%         1
b - Momentum Strike       Conj/Tloc      22%        3d8       22%         2
c - Hailstorm             Conj/Ice       11%        3d5       41%         3
d - Sandblast             Erth           22%        2d7       14%         1
Your spell library was empty.

Dungeon Overview and Level Annotations

Branches:
Dungeon (3/15)

Altars:


Innate Abilities, Weirdness & Mutations

You are immune to sickness and miasma.
You are immune to poison.
Your flesh is very heat resistant. (rF++)
You are vulnerable to cold. (rC-)
You float through the air rather than walking.
You learn spells naturally, not from books.
Your magical power is your life essence.
You have superior vitality. (+4 MHP)


Message History

You hear the slow rusting of a drain nearby.
An ogre comes into view. It is wielding a +0 giant club.
The ogre shouts!
You aren't carrying any items that you can evoke.
Unknown command.
Casting: Sandblast (safe; 14% risk of failure)
Confirm with . or Enter, or press ? or * to list all spells.
Aiming: Sandblast (safe; 14% risk of failure)
Press: ? - help, Shift-Dir - straight line, f - ogre
Aim: an ogre, wielding a +0 giant club (91% to hit)
You miscast Sandblast.
You are very lightly contaminated with residual magic.
Nothing appears to happen.
Casting: Sandblast (safe; 14% risk of failure)
Confirm with . or Enter, or press ? or * to list all spells.
Aiming: Sandblast (safe; 14% risk of failure)
Press: ? - help, Shift-Dir - straight line, f/p - ogre
Aim: an ogre, wielding a +0 giant club (91% to hit)
The blast of sand hits the ogre!
The ogre is moderately wounded.
Casting: Sandblast (safe; 14% risk of failure)
Confirm with . or Enter, or press ? or * to list all spells.
Aiming: Sandblast (safe; 14% risk of failure)
Press: ? - help, Shift-Dir - straight line, f/p - ogre
Aim: an ogre, wielding a +0 giant club (moderately wounded, 91% to hit)
You miscast Sandblast.
Nothing appears to happen.
Casting: Sandblast (safe; 14% risk of failure)
Confirm with . or Enter, or press ? or * to list all spells.
Aiming: Sandblast (safe; 14% risk of failure)
Press: ? - help, Shift-Dir - straight line, f/p - ogre
Aim: an ogre, wielding a +0 giant club (moderately wounded, 91% to hit)
The blast of sand hits the ogre.
The ogre is heavily wounded.
The ogre hits you with a +0 giant club!!
Ouch! That really hurt!
* * * LOW HITPOINT WARNING * * *
It was a potion of curing.
You feel better. The ogre hits you with a +0 giant club!
Ouch! That really hurt!
You die...

#..#........##.##
#..#.#......#...#
#..<...####.<....
###....#.#
####..#
#........# #..#
#........# #..#
#........## #..#
###........ #..#
#.@...##... #..#
#O##### .... #..#
#. .. #. #. .. ##


You could see an ogre.

Vanquished Creatures
  Jessica (D:2)
  3 adders
  2 dart slugs
  5 ball pythons
  2 bats
  4 endoplasms
  3 goblins
  3 hobgoblins
  4 quokkas
  2 frilled lizards
  2 kobolds
  2 rats
33 creatures vanquished.

Notes
Turn   | Place    | Note
-------+----------+-------------------------------------------
     0 | D:1      | Shayle the Djinni Reaver began the quest for the Orb.
     0 | D:1      | Shayle set off with the following spells memorised: Kiss of
                  | Death, Momentum Strike, Hailstorm.
     0 | D:1      | Reached XP level 1. HP: 18/18 MP: 0/0
   298 | D:1      | Reached XP level 2. HP: 23/23 MP: 0/0
   871 | D:1      | Reached XP level 3. HP: 26/28 MP: 0/0
   871 | D:1      | Learned a level 1 spell: Sandblast
   901 | D:2      | Noticed Jessica
   907 | D:2      | Killed Jessica
   908 | D:2      | Reached XP level 4. HP: 29/34 MP: 0/0
  1651 | D:3      | Noticed an ogre
  1656 | D:3      | Slain by an ogre

Illustrated notes

Levels and vault maps discovered:
D:1:      dpeg_arrival_signposts, layout_basic
D:2:      layout_rooms, nicolae_figureground_sparkle, uniq_jessica
D:3:      layout_loops_corners, serial_co_window_serial, co_window_paths_a,
          co_window_corner_a, co_window_paths_a, co_window_corner_a,
          co_window_paths_b, co_window_broadway_c, co_window_2corner,
          co_window_broadway_b, co_window_2corner, co_window_2corner,
          co_window_unsneaky_path_d, glass_columns_b, gup_sewer_entry_spiral

Skill      XL: |  1  2  3 |
---------------+----------+-----
Dodging        | 3 |  3.6
Fighting       | |  2.7
Unarmed Combat | |  3.5
Spellcasting   | |  2.8

Action                   |  1- 3 |  4- 6 || total
-------------------------+-------+-------++-------
Melee: Unarmed           |    58 |       ||    58
       Punch             |     1 |       ||     1
       Dagger            |       |    52 ||    52
 Cast: Sandblast         |    10 |     2 ||    12
  Use: Potion            |       |     1 ||     1
Armor: Ring mail         |    28 |    16 ||    44
Dodge: Dodged            |    25 |    22 ||    47

Table legend: (Time is in decaauts)
 A = Elapsed time spent in this place.
 B = Non-inter-level travel time spent in this place.
 C = Inter-level travel time spent in this place.
 D = Time resting spent in this place.
 E = Time spent auto-exploring this place.
 F = Levels seen in this place.
 G = Mean time per level.
                   A        B        C        D        E       F      G
               +--------+--------+--------+--------+--------+-----+--------+
         Total |   1642 |   1541 |    101 |     20 |   1186 |   3 |  547.3 |
       Dungeon |   1642 |   1541 |    101 |     20 |   1186 |   3 |  547.3 |
               +--------+--------+--------+--------+--------+-----+--------+

Top non-repeatable levels by time:
     D:1: 875 daAuts
     D:2: 594 daAuts
     D:3: 172 daAuts
